 Dungeon Crawl Stone Soup version 0.22-a0-619-ga0c6fd2ff5 (webtiles) character file.

514 Htamos the Conjurer (level 7, -2/41 HPs)
             Began as an Octopode Wizard on July 14, 2018.
             Slain by Duvessa
             ... wielding a +5 short sword of draining
              (10 damage)
             ... on level 4 of the Dungeon.
             The game lasted 00:09:34 (5002 turns).

Htamos the Conjurer (Octopode Wizard)               Turns: 5002, Time: 00:09:35

Health: -2/41      AC:  1    Str:  7    XL:     7   Next: 20%
Magic:  0/12       EV: 12    Int: 22    God:
Gold:   243        SH:  0    Dex: 10    Spells: 5/13 levels left

rFire    . . .     SeeInvis .   (no weapon)
rCold    . . .     Gourm    .   (no shield)
rNeg     . . .     Faith    .   a - +0 hat
rPois    .         Spirit   .   (no amulet)
rElec    .         Reflect  .   (no ring)
rCorr    .         Harm     .   (no ring)
MR       .....                  (no ring)
Stlth    ++........             (no ring)
HPRegen  0.13/turn              (no ring)
MPRegen  0.13/turn              (no ring)
                                (no ring)
                                (no ring)

@: very slightly contaminated, heavily drained
A: almost no armour, stealthy swim, amphibious, 8 rings, constrict 8, camouflage
1, gelatinous body 1
a: no special abilities


You were on level 4 of the Dungeon.
You were not hungry.

You visited 1 branch of the dungeon, and saw 4 of its levels.

You collected 243 gold pieces.

Inventory:

Hand Weapons
 r - a +2 hunting sling of velocity
 y - a +2 antimagic dagger
Missiles
 z - 49 stones (quivered)
Armour
 a - a +0 hat (worn)
 d - a +0 large shield
Jewellery
 k - a +3 ring of dexterity {unknown}
 q - a +3 ring of intelligence {unknown}
Wands
 x - a wand of flame (17)
Scrolls
 f - 2 scrolls of remove curse {unknown}
 m - a scroll of amnesia {unknown}
 n - a scroll of fog {unknown}
 p - 2 scrolls of identify {unknown}
 s - a scroll of immolation {unknown}
 t - a scroll of blinking {unknown}
 u - a scroll of enchant weapon {unknown}
 v - a scroll of noise {unknown}
 w - a scroll of teleportation {unknown}
Potions
 b - a potion of mutation {unknown}
 e - 3 potions of flight {unknown}
 g - 3 potions of curing {unknown}
 h - a potion of haste {unknown}
 i - 2 potions of heal wounds {unknown}
 j - 2 potions of degeneration {unknown}
 l - a potion of cancellation {unknown}
Comestibles
 c - 3 rations


   Skills:
 - Level 2.0(0.0) Dodging
 - Level 2.6(0.6) Stealth
 + Level 3.6(1.6) Spellcasting
 - Level 7.0(4.7) Conjurations
   Level 1.0(0.0) Summonings
   Level 1.0(0.0) Translocations


You had 5 spell levels left.
You knew the following spells:

 Your Spells              Type           Power        Failure   Level  Hunger
a - Magic Dart            Conj           ###.         1%          1    #......
b - Mephitic Cloud        Conj/Pois/Air  #.......     22%         3    ###....
c - Iskenderun's Mystic   Conj           ###.....     21%         4    #####..

Your spell library contained the following spells:

 Spells                   Type           Power        Failure   Level  Hunger
 Conjure Flame            Conj/Fire      ##......     16%         3    ###....
 Slow                     Hex            #.......     22%         2    ###....
 Blink                    Tloc           N/A          22%         2    ###....
 Call Imp                 Summ           #.......     22%         2    ###....
 Fulminant Prism          Conj/Hex       ##........   47%         4    #####..
 Dazzling Spray           Conj/Hex       ##....       16%         3    ###....
 Force Lance              Conj/Tloc      ##......     47%         4    #####..
 Searing Ray              Conj           ###...       3%          2    ###....


Dungeon Overview and Level Annotations

Branches:
Dungeon (4/15)
 Temple: D:4-7

Altars:
Trog
Wu Jian

Shops:
D:4 *

Annotations:
D:4 Dowan, Duvessa


Innate Abilities, Weirdness & Mutations

You cannot wear most types of armour.
You are very stealthy in the water. (Stealth+)
You are amphibious.
You can wear up to eight rings at the same time.
You can use your tentacles to constrict eight enemies at once.
Your skin changes colour to match your surroundings (Stealth+).
Your rubbery body absorbs attacks. (AC +1, EV +1)


Message History

Confirm with . or Enter, or press ? or * to list all spells.
Aiming: Magic Dart (safe; 1% risk of failure)
Press: ? - help, Shift-Dir - straight line, f/p - Duvessa
Aim: Duvessa, wielding a short sword of draining and wearing a leather armour (heavily wounded, fast)
The magic dart hits Duvessa.
Duvessa is severely wounded.
* * * LOW MAGIC WARNING * * *
Duvessa barely misses you.
Casting: Magic Dart (safe; 1% risk of failure)
Confirm with . or Enter, or press ? or * to list all spells.
Aiming: Magic Dart (safe; 1% risk of failure)
Press: ? - help, Shift-Dir - straight line, f/p - Duvessa
Aim: Duvessa, wielding a short sword of draining and wearing a leather armour (severely wounded, fast)
You miscast Magic Dart.
You are very lightly contaminated with residual magic.
Wisps of smoke drift from your tentacles.
* * * LOW MAGIC WARNING * * *
Duvessa barely misses you.
Duvessa hits you with a short sword of draining!
You die...

... ....# #..##.#.# #......#
### #..P.P.# #.. ..# #..P∩P.#
#.# #.# #..P..# #.# #.#
#.....# #.# #.#
#.#.###.#######.#
#..ee@.....##.#.# #####
######.......#..## #...######
#...........# #.#......##
#.##..##.##.#
#####...###...###.##..##.##.#
.......###.......#....##.##.#
..###### #....###.###.##.##.#
#.# #.#.## #.# #.##.##.#
#.### #.#.# #.# #.##.##.#


You could see Duvessa and Dowan.

Vanquished Creatures
  2 eyes of draining (D:3)
  A phantom (D:4)
  A crocodile (D:4)
  A hound (D:3)
  A worker ant (D:4)
  Ijyb (D:3)
  3 adders
  An adder skeleton (D:4)
  3 worms
  2 dart slugs
  3 leopard geckos
  An orc (D:4)
  2 giant cockroaches (D:2)
  11 hobgoblins
  4 quokkas
  2 ball pythons
  5 bats
  7 frilled lizards
  8 goblins
  3 kobolds
  10 rats
72 creatures vanquished.

Notes
Turn   | Place    | Note
-------+----------+-------------------------------------------
     0 | D:1      | Htamos the Octopode Wizard began the quest for the Orb.
     0 | D:1      | Reached XP level 1. HP: 11/11 MP: 4/4
   286 | D:1      | Reached XP level 2. HP: 16/17 MP: 1/6
  1103 | D:2      | Found an ornate altar of the Wu Jian Council.
  1143 | D:2      | Reached skill level 2 in Conjurations
  1143 | D:2      | Reached XP level 3. HP: 21/21 MP: 0/8
  1853 | D:2      | Reached skill level 3 in Conjurations
  2144 | D:3      | Reached XP level 4. HP: 27/27 MP: 5/9
  2784 | D:3      | Noticed Ijyb
  2791 | D:3      | Killed Ijyb
  2791 | D:3      | Reached skill level 4 in Conjurations
  2791 | D:3      | Reached XP level 5. HP: 31/31 MP: 2/10
  3059 | D:3      | Found an ornate altar of the Wu Jian Council.
  3449 | D:3      | Noticed an eye of draining
  3472 | D:3      | Found a bloodstained altar of Trog.
  3472 | D:3      | Noticed an eye of draining
  3514 | D:3      | Killed an eye of draining
  3514 | D:3      | Reached skill level 5 in Conjurations
  3518 | D:3      | Reached XP level 6. HP: 32/36 MP: 0/11
  3531 | D:3      | Killed an eye of draining
  3661 | D:4      | Learned a level 3 spell: Mephitic Cloud
  3696 | D:4      | Reached skill level 6 in Conjurations
  3896 | D:4      | Learned a level 4 spell: Iskenderun's Mystic Blast
  3902 | D:4      | Noticed a phantom
  4139 | D:4      | Killed a phantom
  4247 | D:4      | Reached skill level 7 in Conjurations
  4247 | D:4      | Reached XP level 7. HP: 41/41 MP: 1/12
  4329 | D:4      | Noticed Dowan
  4331 | D:4      | Noticed Duvessa
  4987 | D:4      | Found Sommistri's Assorted Antiques.
  5002 | D:4      | Slain by Duvessa

Vault maps used:
D:1:      saegor_arrival_simple_b, st_stairs_8, minmay_misc_feat_plants,
          minivault_11, minmay_heptomino_h4
D:2:      old_standard_altar
D:3:      trog_eyes_of_draining, lemuel_statue_altar, uniq_ijyb
D:4:      serial_shops, nicolae_shop_overgrown_old_shop, uniq_duvessa

Skill      XL: |  1  2  3  4  5  6 |
---------------+-------------------+-----
Conjurations   | 2 3 4 5 7 |  7.0
Dodging        | |  2.0
Stealth        | |  2.6
Spellcasting   | |  3.6
Summonings     | |  1.0
Translocations | |  1.0

Action                   |  1- 3 |  4- 6 |  7- 9 || total
-------------------------+-------+-------+-------++-------
Melee: Unarmed           |    12 |    36 |       ||    48
       Constrict         |     3 |     5 |       ||     8
       Tentacles         |     2 |     6 |       ||     8
 Cast: Magic Dart        |    82 |    75 |    20 ||   177
       Iskenderun's Myst |       |     5 |     5 ||    10
  Eat: Chunk             |     4 |     6 |     1 ||    11
       Ration            |       |       |     1 ||     1
Armor: Skin              |     4 |     4 |       ||     8
Dodge: Dodged            |    11 |    26 |     7 ||    44

Table legend:
 A = Spawn XP
 B = Non-spawn XP
 C = Spawn XP percentage of total XP
 D = Spawn monster count
 E = Non-spawn monster count
 F = Spawn count percentage of total count
 G = Total turns spent on level
                    A         B        C        D         E        F      G
               +---------+---------+-------+---------+---------+-------+---------
         Total |       0 |     735 |   0.0 |       0 |      72 |   0.0 |  5002
               +---------+---------+-------+---------+---------+-------+---------
           D:1 |       0 |      22 |   0.0 |       0 |      15 |   0.0 |   973
           D:2 |       0 |      59 |   0.0 |       0 |      20 |   0.0 |  1136
           D:3 |       0 |     359 |   0.0 |       0 |      26 |   0.0 |  2037
           D:4 |       0 |     295 |   0.0 |       0 |      11 |   0.0 |   856
               +---------+---------+-------+---------+---------+-------+---------
